 Dungeon Crawl Stone Soup version 0.20.0-4-g10b340a (webtiles) character file.

234 Hasart the Chiller (level 5, -2/38 HPs)
             Began as a Demonspawn Ice Elementalist on May 28, 2017.
             Slain by a kobold
             ... wielding a cursed -1 short sword
              (4 damage)
             ... in a sewer.
             The game lasted 00:06:44 (2991 turns).

Hasart the Chiller (Demonspawn Ice Elementalist)    Turns: 2991, Time: 00:06:45

Health: -2/38      AC:  2    Str:  8    XL:     5   Next: 75%
Magic:  8/9        EV: 21    Int: 23    God:
Gold:   27         SH:  6    Dex: 18    Spells: 4/9 levels left

rFire    . . .     SeeInvis .   e - +0 short sword (curse)
rCold    . . .     Gourm    .   (no shield)
rNeg     . . .     Faith    .   a - +0 robe
rPois    .         Spirit   .   (no helmet)
rElec    .         Reflect  .   (no cloak)
rCorr    .         Harm     .   (no gloves)
MR       .....                  (no boots)
Stlth    ++++......             (no amulet)
Regen    0.2/turn               l - +3 ring of evasion
MPRegen  0.2/turn               (no ring)

@: brilliant, agile, berserk cooldown, flying, slowed, very slow
A: large bone plates 2, nightstalker 1
a: no special abilities


You were in a sewer.
You were hungry.

You visited 1 branch of the dungeon, and saw 3 of its levels.
You also visited: Sewer.

You collected 27 gold pieces.

Inventory:

Hand Weapons
 e - a cursed +0 short sword (weapon)
Armour
 a - a +0 robe (worn)
Jewellery
 l - a +3 ring of evasion (left hand)
Scrolls
 d - 3 scrolls of remove curse {unknown}
 g - a scroll of immolation {unknown}
 m - a scroll of identify {unknown}
 n - a scroll of teleportation {unknown}
 q - a scroll of enchant weapon {unknown}
Potions
 h - a potion of brilliance
 i - a potion of agility
Books
 b - a book of Frost

   Spells                             Type                      Level
   a - Freeze                         Ice                          1
   b - Throw Frost                    Conjuration/Ice              2
   c - Ozocubu's Armour               Charms/Ice                   3
   d - Throw Icicle                   Conjuration/Ice              4
   e - Summon Ice Beast               Ice/Summoning                4
Comestibles
 c - 4 bread rations
 o - 2 meat rations


   Skills:
 - Level 2.0 Fighting
 + Level 2.9 Dodging
 - Level 1.7 Stealth
 + Level 2.8 Spellcasting
   Level 1.0 Conjurations
 + Level 1.4 Summonings
 * Level 4.1 Ice Magic


You had 4 spell levels left.
You knew the following spells:

 Your Spells              Type           Power        Failure   Level  Hunger
a - Freeze                Ice            ####         1%          1    None
b - Summon Ice Beast      Ice/Summ       ####....     4%          4    ####...


Dungeon Overview and Level Annotations

Branches:
Dungeon (3/15)

Altars:
Elyvilon
Kikubaaqudgha
Xom
Yredelemnul

Annotations:
D:1 1 runed door
D:3 2 transporters, Menkaure


Innate Abilities, Weirdness & Mutations

You are mostly covered in large bone plates. (SH +6)
You are slightly more attuned to the shadows.


Message History

The kobold completely misses you. You block the kobold's attack.
The kobold misses you. You block the kobold's attack. x2
The kobold closely misses you. The kobold completely misses you.
The kobold misses you. You block the kobold's attack.
The kobold hits you but does no damage. The kobold completely misses you.
The kobold misses you. You block the kobold's attack.
The kobold closely misses you. The kobold barely misses you.
The kobold barely misses you. The kobold misses you.
The kobold closely misses you. The kobold hits you with a dagger.
* * * LOW HITPOINT WARNING * * *
The kobold closely misses you. You block the kobold's attack.
You block the kobold's attack. x2
The kobold completely misses you. The kobold misses you.
The kobold hits you with an enchanted short sword.
* * * LOW HITPOINT WARNING * * *
You block the kobold's attack. The kobold closely misses you.
You block the kobold's attack.
The kobold hits you with an enchanted short sword.
You die...

##### ### .....##@#
......KK########
.......(..#...!#####
..........'..!.#.∩.#
....≈≈≈(..'..∩.#.∩.#
....≈P≈†≈.#.!.?#...#
######≈≈########'###
≈≈≈≈≈≈≈≈≈≈≈≈≈≈≈≈≈≈≈#
≈≈≈≈≈≈≈≈≈≈≈≈≈≈≈≈≈≈≈#


You could see 2 kobolds.

Vanquished Creatures
  2 big kobolds (Sewer)
  3 adders
  An ooze (D:3)
  3 worms (D:2)
  A dart slug (D:1)
  3 leopard geckos (D:1)
  An orc (D:3)
  A ball python (D:3)
  4 giant cockroaches
  2 goblins
  2 hobgoblins
  4 jackals (D:2)
  A quokka (D:2)
  5 bats
  4 frilled lizards
  9 kobolds
  9 rats
55 creatures vanquished.

Notes
Turn   | Place    | Note
-------+----------+-------------------------------------------
     0 | D:1      | Hasart the Demonspawn Ice Elementalist began the quest for the Orb.
     0 | D:1      | Reached XP level 1. HP: 13/13 MP: 3/3
     1 | D:1      | Found a runed door.
   125 | D:1      | Reached skill level 1 in Fighting
   201 | D:1      | Gained mutation: You are partially covered in large bone plates. (SH +4) [demonic ancestry]
   201 | D:1      | Reached XP level 2. HP: 16/21 MP: 5/5
   980 | D:2      | Found a shimmering altar of Xom.
  1076 | D:2      | Reached skill level 3 in Ice Magic
  1237 | D:2      | Reached XP level 3. HP: 26/26 MP: 0/6
  2242 | D:2      | Gained mutation: You are mostly covered in large bone plates. (SH +6) [demonic ancestry]
  2242 | D:2      | Reached XP level 4. HP: 31/33 MP: 7/7
  2557 | D:3      | Found a basalt altar of Yredelemnul.
  2703 | D:3      | Noticed a phantom
  2717 | D:3      | Found an ancient bone altar of Kikubaaqudgha.
  2721 | D:3      | Noticed Menkaure
  2761 | D:3      | Found a white marble altar of Elyvilon.
  2818 | D:3      | Found a glowing drain.
  2914 | Sewer    | Entered a sewer
  2941 | Sewer    | Learned a level 4 spell: Summon Ice Beast
  2941 | Sewer    | Noticed a big kobold
  2941 | Sewer    | Noticed a big kobold
  2964 | Sewer    | Killed a big kobold
  2964 | Sewer    | Reached skill level 1 in Summonings
  2964 | Sewer    | Gained mutation: You are slightly more attuned to the shadows. [demonic ancestry]
  2964 | Sewer    | Reached XP level 5. HP: 38/38 MP: 4/8
  2970 | Sewer    | Reached skill level 4 in Ice Magic
  2989 | Sewer    | HP: 1/38 [kobold/enchanted short sword (5)]
  2991 | Sewer    | Slain by a kobold

Skill      XL: |  1  2  3  4  5 |
---------------+----------------+-----
Fighting       | 1 2 |  2.0
Dodging        | 2 |  2.9
Ice Magic      | 3 4 |  4.1
Summonings     | 1 |  1.4
Stealth        | |  1.7
Spellcasting   | |  2.8
Conjurations   | |  1.0

Action                   |  1- 3 |  4- 6 || total
-------------------------+-------+-------++-------
Melee: Short sword       |    61 |    70 ||   131
 Cast: Freeze            |    63 |    15 ||    78
  Use: Potion            |       |     5 ||     5
 Stab: Sleeping          |     2 |       ||     2
  Eat: Chunk             |     5 |     2 ||     7
Armor: Robe              |     8 |     5 ||    13
Dodge: Dodged            |    75 |    79 ||   154
Block: Other             |    22 |    44 ||    66
